 Dungeon Crawl Stone Soup version 0.27-a0-1196-g3e9cee4cb2 (webtiles) character file.

Game seed: 8437651364247625569

959 rednaxela the Grappler (level 8, 0/57 HPs)
             Began as a Ghoul Necromancer on Apr 17, 2021.
             Slain by an ogre
             ... wielding a +0 giant club
              (20 damage)
             ... on level 5 of the Dungeon on May 28, 2021.
             The game lasted 00:18:20 (5659 turns).

rednaxela the Grappler (Ghoul Necromancer)          Turns: 5659, Time: 00:18:21

Health: 0/57       AC:  7    Str: 14    XL:     8   Next: 14%
Magic:  9/9        EV: 18    Int: 10    God:
Gold:   213        SH:  5    Dex:  9    Spells: 9/10 levels left

rFire    . . .     SeeInvis .     - Unarmed
rCold    + . .     Faith    .   (no shield)
rNeg     + + +     Spirit   .   h - +0 ring mail
rPois    ∞         Reflect  +   B - +1 helmet
rElec    .         Harm     .   (no cloak)
rCorr    .         Rampage  .   (no gloves)
Will     .....                  (no boots)
Stlth    +.........             a - amulet of reflection
HPRegen  0.00/turn              g - +4 ring of evasion
MPRegen  0.11/turn              o - +4 ring of evasion

@: no status effects
A: claws 1, cold resistance 1, negative energy resistance 3, inhibited
regeneration, torment resistance 2
a: no special abilities


You were on level 5 of the Dungeon.
You visited 1 branch of the dungeon, and saw 5 of its levels.

You collected 213 gold pieces.

Inventory:

Missiles
 q - a curare-tipped dart
 y - 5 atropa-tipped darts (quivered)
 z - 2 throwing nets {!f}
Armour
 h - a +0 ring mail (worn)
   (You found it on level 2 of the Dungeon)
 B - a +1 helmet (worn)
   (You found it on level 5 of the Dungeon)
Jewellery
 a - an amulet of reflection (around neck)
   (You found it on level 2 of the Dungeon)
 g - a +4 ring of evasion (left claw)
   (You found it on level 2 of the Dungeon)
 m - a +6 ring of dexterity
   (You found it on level 3 of the Dungeon)
 o - a +4 ring of evasion (right claw)
   (You found it on level 4 of the Dungeon)
Wands
 j - a wand of digging (1) {@v3}
   (You took it off Ijyb on level 3 of the Dungeon)
 k - a wand of charming (9)
   (You found it on level 3 of the Dungeon)
 v - a wand of mindburst (14)
   (You found it on level 5 of the Dungeon)
Scrolls
 b - 3 scrolls of fog {unknown}
 c - 2 scrolls of vulnerability {unknown}
 f - 2 scrolls of teleportation {unknown}
 l - a scroll of enchant armour {unknown}
 s - a scroll of amnesia {unknown}
 t - 2 scrolls of identify {unknown}
 x - a scroll of noise {unknown}
 A - a scroll of magic mapping {unknown}
Potions
 d - 2 potions of curing {@q1 !q}
 e - a potion of attraction {unknown}
 i - a potion of haste {unknown}
 n - 2 potions of resistance {unknown}
 p - a potion of mutation {unknown}
 r - a potion of might {unknown}
 u - a potion of magic {unknown}
 w - a potion of berserk rage {unknown}


   Skills:
 - Level 1.7 Dodging
 - Level 2.1 Stealth
 + Level 9.9 Unarmed Combat
 - Level 1.7 Spellcasting
 - Level 4.0 Necromancy


You had 9 spell levels left.
You knew the following spells:

 Your Spells              Type           Power      Damage    Failure   Level
a - Pain                  Necr           32%        1d5       13%         1

Your spell library contained the following spells:

 Spells                   Type           Power      Damage    Failure   Level
 Animate Skeleton         Necr           16%        N/A       13%         1
 Vampiric Draining        Necr           4%         2d6       36%         3
 Animate Dead             Necr           4%         N/A       77%         4
 Agony                    Necr           8%         N/A       98%         5


Dungeon Overview and Level Annotations

Branches:
Dungeon (5/15)
 Temple: D:4-7

Altars:
Xom


Innate Abilities, Weirdness & Mutations

You thrive by killing the living.
You are immune to poison.
You have sharp fingernails.
Your flesh is cold resistant. (rC+)
You are immune to negative energy. (rN+++)
You do not regenerate when monsters are visible.
You are immune to unholy pain and torment.


Message History

You closely miss the rat. The rat misses you.
You claw the rat!
You kill the rat!
No target in view!
You see here a rat corpse.
There is an open door here.
You open the door. 3 orcs come into view.
The orc shouts!
An orc comes into view. It is wielding a +0 club.
There are monsters nearby!
The orc shouts! x3
A hound zombie comes into view.
There is an open door here.
You closely miss the orc. The orc misses you.
You barely miss the orc. You block the orc's attack.
You scratch the orc.
The orc is heavily wounded.
The orc misses you.
You claw the orc!
You kill the orc!
You scratch the orc.
The orc is heavily wounded.
The orc barely misses you.
You scratch the orc but do no damage.
The orc is heavily wounded.
The orc completely misses you.
You barely miss the orc.
The orc is heavily wounded.
The orc hits you with a +0 club.
You claw the orc!
You kill the orc!
No target in range!
No target in range!
You completely miss the orc. The orc hits you with a +0 falchion.
You closely miss the orc. You claw the orc!
You kill the orc!
You feel better.
You claw the hound zombie!
The hound zombie is heavily damaged.
You block the hound zombie's attack.
You claw the hound zombie!
The hound zombie is almost destroyed.
The hound zombie misses you.
You scratch the hound zombie. You claw the hound zombie.
You destroy the hound zombie!
No target in range!
No target in range!
You barely miss the orc. You block the orc's attack.
You scratch the orc but do no damage. The orc barely misses you.
You scratch the orc.
The orc is severely wounded.
The orc barely misses you.
You scratch the orc.
The orc is severely wounded.
You block the orc's attack.
You claw the orc!
You kill the orc!
No target in view!
Items here: )))) [[[[ †.
There is an open door here.
There is an open door here.
Items here: )))) [[[[ †.
Things that are here:
a +0 short sword; a +0 short sword; 2 stones
Things that are here:
a +0 dagger; a +0 dagger
Found a stone staircase leading up.
You open the door.
There is an open door here.
There is a stone staircase leading up here.
You see here a rat corpse.
Found a leather armour.
You see here a +0 leather armour.
An ogre comes into view. It is wielding a +0 giant club.
The ogre shouts!
An ogre is nearby!
You claw the ogre!
The ogre is moderately wounded.
The ogre barely misses you.
You scratch the ogre.
The ogre is moderately wounded.
You barely miss the ogre.
The ogre is moderately wounded.
The ogre hits you with a +0 giant club!!
* * * LOW HITPOINT WARNING * * *
You are too injured to fight recklessly!
You are too injured to fight recklessly!
You are too injured to fight recklessly!
Throw: 6 darts (atropa)
Press: ? - help, Q - select action, (/) - cycle Shift-Dir - straight line, f - ogre
Aim: an ogre, wielding a +0 giant club (moderately wounded, 70% to hit, chance to blind on hit: 41%)
You throw an atropa-tipped dart. The atropa-tipped dart hits the ogre.
The ogre resists.
The ogre is moderately wounded.
The ogre hits you with a +0 giant club!
* * * LOW HITPOINT WARNING * * *
You see here a +0 leather armour.
The ogre hits you with a +0 giant club!!
You die...

#......#.#..#.# #..###PPP♣♣#
#......#.#..#.#####^##....#PP♣
#####....#..#.....'.#♣.P....P#
###..#........#.#♣P....P.#
######......######.#.#..P###.P#
#...............##.#.#♣P.....P♣
#.#############.##.#.#♣#......♣
#.#...........#O##.#.#♣......≈♣
#.#.#########'#@##.#.#♣...§...#
#.#.# ###.......##.#.##.......♣
#.#.# #.'.......##.#.#♣P.....P♣
#.#.# #<#.......##.#.#♣.#...#P♣
#.#.# #.###..(..##.#'#♣♣...PP♣P#
#.#.###.###.######...#####.#####
#.#...#>#.........†.....#..#####
#.###.#.#.#.###........)).....).
##'###.#.#.#...'....#'###.######'


You could see an ogre.

Vanquished Creatures
  A hornet (D:5)
  Edmund (D:5)
  2 ogres
  A phantom (D:3)
  A kobold brigand (D:5)
  2 hounds
  A jelly (D:4)
  Ijyb (D:3)
  An orc wizard (D:3)
  A hound zombie (D:5)
  5 adders
  A white imp (D:5)
  3 adder skeletons (D:4)
  A worm (D:2)
  3 dart slugs
  15 orcs
  9 endoplasms
  4 giant cockroaches
  14 goblins
  4 hobgoblins
  10 kobolds
  3 quokkas
  3 ball pythons
  10 bats
  5 frilled lizards
  9 rats
111 creatures vanquished.

Vanquished Creatures (others)
  16 plants (D:5)
16 creatures vanquished.

Grand Total: 127 creatures vanquished

Notes
Turn   | Place    | Note
-------+----------+-------------------------------------------
     0 | D:1      | rednaxela the Ghoul Necromancer began the quest for the
                  | Orb.
     0 | D:1      | Reached XP level 1. HP: 14/14 MP: 2/2
   273 | D:1      | Reached skill level 1 in Unarmed Combat
   467 | D:1      | Reached XP level 2. HP: 12/20 MP: 3/3
   900 | D:1      | Reached skill level 2 in Unarmed Combat
   978 | D:1      | Upgraded the game from 0.27-a0-998-g4cfe56dd59 to
                  | 0.27-a0-1051-g288ea87c7c
   981 | D:2      | Found a faded altar of an unknown god.
  1197 | D:2      | Reached skill level 3 in Unarmed Combat
  1197 | D:2      | Reached XP level 3. HP: 16/26 MP: 0/4
  1919 | D:2      | Found a shimmering altar of Xom.
  2264 | D:2      | Upgraded the game from 0.27-a0-1051-g288ea87c7c to
                  | 0.27-a0-1090-gb115f176c6
  2347 | D:3      | Reached XP level 4. HP: 33/33 MP: 5/5
  2357 | D:4      | Noticed a phantom
  2420 | D:3      | Reached skill level 4 in Unarmed Combat
  2708 | D:3      | Noticed an ogre
  3110 | D:3      | Noticed Ijyb
  3198 | D:3      | Killed Ijyb
  3199 | D:3      | Reached skill level 5 in Unarmed Combat
  3199 | D:3      | Reached XP level 5. HP: 21/38 MP: 6/6
  3656 | D:3      | Killed a phantom
  3657 | D:3      | Reached skill level 6 in Unarmed Combat
  3796 | D:3      | Killed an ogre
  3797 | D:3      | Reached XP level 6. HP: 42/45 MP: 7/7
  3884 | D:4      | Reached skill level 7 in Unarmed Combat
  4325 | D:4      | Reached XP level 7. HP: 50/50 MP: 8/8
  4399 | D:4      | Upgraded the game from 0.27-a0-1090-gb115f176c6 to
                  | 0.27-a0-1196-g3e9cee4cb2
  4436 | D:5      | Entered Level 5 of the Dungeon
  4675 | D:5      | Reached skill level 8 in Unarmed Combat
  4950 | D:5      | Noticed a hornet
  4954 | D:5      | Killed a hornet
  4955 | D:5      | Reached skill level 9 in Unarmed Combat
  4963 | D:5      | Noticed Edmund
  4990 | D:5      | Killed Edmund
  4991 | D:5      | Reached XP level 8. HP: 19/57 MP: 9/9
  5659 | D:5      | Slain by an ogre

Illustrated notes

Levels and vault maps discovered:
D:1:      amcnicky_arrival_single_pillar, layout_basic,
          chequers_serial_rivers_marsh, minmay_misc_feat_cross, minmay_unequal
D:2:      layout_loops_corners, basic_altar, basic_ecumenical_altar
D:3:      kennysheep_the_goblin_king, layout_basic
D:4:      layout_loops_ring
D:5:      layout_basic, amcnicky_mini_rare_corridor_liquid,
          lexackson_kobold_supper, uniq_edmund

Skill      XL: |  1  2  3  4  5  6  7 |
---------------+----------------------+-----
Unarmed Combat | 1 3 5 6 7 9 |  9.9
Dodging        | |  1.7
Stealth        | |  2.1
Spellcasting   | |  1.7
Necromancy     | |  4.0

Action                   |  1- 3 |  4- 6 |  7- 9 || total
-------------------------+-------+-------+-------++-------
Melee: Unarmed           |   125 |   234 |   106 ||   465
       Punch             |     1 |     9 |     7 ||    17
Throw: Dart              |       |     1 |     8 ||     9
 Cast: Pain              |    18 |       |       ||    18
Evoke: Wand              |       |       |     4 ||     4
 Stab: Sleeping          |     3 |     1 |       ||     4
Armor: Robe              |    31 |       |       ||    31
       Ring mail         |    17 |    45 |     6 ||    68
Dodge: Dodged            |   105 |   122 |    58 ||   285
Block: Other             |       |    40 |    19 ||    59
       Reflection        |       |     1 |       ||     1

Table legend: (Time is in decaauts)
 A = Elapsed time spent in this place.
 B = Non-inter-level travel time spent in this place.
 C = Inter-level travel time spent in this place.
 D = Time resting spent in this place.
 E = Time spent auto-exploring this place.
 F = Levels seen in this place.
 G = Mean time per level.
                   A        B        C        D        E       F      G
               +--------+--------+--------+--------+--------+-----+--------+
         Total |   5619 |   5437 |    182 |    608 |   3349 |   5 | 1123.8 |
       Dungeon |   5619 |   5437 |    182 |    608 |   3349 |   5 | 1123.8 |
               +--------+--------+--------+--------+--------+-----+--------+

Top non-repeatable levels by time:
     D:3: 1411 daAuts
     D:2: 1337 daAuts
     D:5: 1205 daAuts
     D:1: 1018 daAuts
     D:4: 646 daAuts
